 Dungeon Crawl Stone Soup version 0.28.0-53-g5a82cb258f (webtiles) character file.

Game seed: 8646040884351285705

221 concernfroge the Conjurer (level 5, -2/28 HPs)
             Began as a Deep Elf Conjurer on June 18, 2022.
             Slain by a gnoll
             ... wielding a +0 halberd
              (10 damage)
             ... on level 4 of the Dungeon.
             The game lasted 00:08:54 (3200 turns).

concernfroge the Conjurer (Deep Elf Conjurer)       Turns: 3200, Time: 00:08:55

Health: -2/28      AC:  2    Str:  4    XL:     5   Next: 65%
Magic:  4/14       EV: 13    Int: 25    God:
Gold:   112        SH:  0    Dex: 13    Spells: 10/13 levels left

rFire   . . .      SeeInvis .   (no weapon)
rCold   . . .      Faith    .   (no shield)
rNeg    . . .      Spirit   .   a - +0 robe
rPois   .          Reflect  .   (no helmet)
rElec   .          Harm     .   (no cloak)
rCorr   .          Rampage  .   (no gloves)
Will    .....                   (no boots)
Stlth   +++.......              (no amulet)
HPRegen 0.09/turn               (no ring)
MPRegen 0.14/turn               (no ring)

@: invisible
A: no striking features
a: no special abilities


You were on level 4 of the Dungeon.
You visited 1 branch of the dungeon, and saw 5 of its levels.

You collected 112 gold pieces.

Inventory:

Armour
 a - a +0 robe (worn)
Jewellery
 c - a ring of protection from fire
 p - a ring of wizardry
Scrolls
 d - 3 scrolls of identify
 m - a scroll of holy word
Potions
 b - a potion of ambrosia {unknown}


   Skills:
 + Level 4.1 Dodging
 + Level 4.3 Stealth
 + Level 4.7 Spellcasting
 + Level 5.4 Conjurations


You had 10 spell levels left.
You knew the following spells:

 Your Spells              Type           Power      Damage    Failure   Level
a - Magic Dart            Conj           100%       1d8       1%          1
b - Searing Ray           Conj           64%        2d6       1%          2

Your spell library contained the following spells:

 Spells                   Type           Power      Damage    Failure   Level
 Dazzling Flash           Conj/Hex       38%        N/A       9%          3
 Fulminant Prism          Conj/Hex       9%         3d7       28%         4
 Iskenderun's Mystic Bla  Conj/Tloc      19%        2d6       28%         4


Dungeon Overview and Level Annotations

Branches:
Dungeon (5/15)
 Temple: D:4-7

Altars:
Wu Jian


Message History

The orc wizard is severely wounded.
The orc shouts!
Casting: Magic Dart (safe; 1% risk of failure)
Confirm with . or Enter, or press ? or * to list all spells.
Aiming: Magic Dart (safe; 1% risk of failure)
Press: ? - help, Shift-Dir - straight line, f/p - orc wizard
Aim: an orc wizard, wielding a +3 dagger and wearing a +0 robe (severely wounded, 100% to hit)
The magic dart hits the orc wizard.
The orc wizard is almost dead.
A hound skeleton comes into view.
The orc wizard gestures wildly while chanting.
The orc wizard flickers and vanishes!
Deactivating autopickup; reactivate with Ctrl-A.
Casting: Magic Dart (safe; 1% risk of failure)
Confirm with . or Enter, or press ? or * to list all spells.
Aiming: Magic Dart (safe; 1% risk of failure)
Press: ? - help, Shift-Dir - straight line The magic dart hits something but does no damage.
Casting: Magic Dart (safe; 1% risk of failure)
Confirm with . or Enter, or press ? or * to list all spells.
Aiming: Searing Ray (safe; 1% risk of failure)
Press: ? - help, Shift-Dir - straight line The searing ray hits something.
Reactivating autopickup.
You feel a bit more experienced. (Press . to maintain the ray.)
An ogre comes into view. It is wielding a +0 giant club.
You climb upwards.
The gnoll closely misses you.
The gnoll hits you with a +2 vampiric spear.
The gnoll draws strength from your wounds!
There is a stone staircase leading down here.
Okay, then.
The gnoll closely misses you. The gnoll barely misses you. x2
The gnoll hits you from afar with a +2 vampiric spear!
The gnoll hits you from afar with a +0 halberd.
* * * LOW HITPOINT WARNING * * *
You fade into invisibility!
The gnoll hits you from afar with a +0 halberd!
You die...

.###...###.########...........#
.......###.# #...........#
#....##[# #...........#
#..#.##[# #............
#.....).# #............
######.###.#.# #....##......
........##..รท#####
#....##......
######.[.....gg..#
#####........ #.#...#..###@#
#.......[ #+#.####># #.#
#.....### ...# ### #.# #.....#
# #.g..# ... #.....# #..... ...
#.....# #..#.. ..... ##....#
....#. ..... #....# .......
#....# #....#


You could see 2 gnolls.

Vanquished Creatures
  An orc priest (D:4)
  3 orc wizards
  An iguana (D:4)
  4 adders
  3 worms (D:2)
  A dart slug (D:2)
  4 orcs
  3 ball pythons
  5 bats
  2 endoplasms (D:4)
  2 giant cockroaches (D:2)
  3 goblins
  4 hobgoblins
  3 jackals (D:2)
  4 kobolds
  3 rats
46 creatures vanquished.

Notes
Turn   | Place    | Note
-------+----------+-------------------------------------------
     0 | D:1      | concernfroge the Deep Elf Conjurer began the quest for the
                  | Orb.
     0 | D:1      | Reached XP level 1. HP: 10/10 MP: 6/6
   582 | D:2      | Reached XP level 2. HP: 15/15 MP: 6/8
   627 | D:2      | Found an ornate altar of the Wu Jian Council.
   741 | D:2      | Learned a level 2 spell: Searing Ray
  1012 | D:2      | Reached XP level 3. HP: 19/19 MP: 3/10
  2068 | D:3      | Found a faded altar of an unknown god.
  2116 | D:3      | Reached XP level 4. HP: 24/24 MP: 4/12
  2457 | D:3      | Reached skill level 5 in Conjurations
  2992 | D:4      | Reached XP level 5. HP: 28/28 MP: 10/13
  3175 | D:5      | Entered Level 5 of the Dungeon
  3190 | D:5      | Noticed an ogre
  3200 | D:4      | Slain by a gnoll

Illustrated notes

Levels and vault maps discovered:
D:1:      amcnicky_arrival_underground_garden, layout_rooms,
          chequers_serial_rivers_micro_d
D:2:      layout_loops_ring, basic_altar
D:3:      layout_basic, hellmonk_ecumenical_altar_crossroads, st_stairs_14
D:4:      layout_basic, grunt_gozag_statues, minmay_temple_entry_mini_moons,
          minmay_crystal_water
D:5:      layout_basic, led_sif_book, ashenzari_altar_1

Skill      XL: |  1  2  3  4  5 |
---------------+----------------+-----
Stealth        | 3 4 |  4.3
Dodging        | 3 4 |  4.1
Spellcasting   | 4 |  4.7
Conjurations   | 5 |  5.4

Action                   |  1- 3 |  4- 6 || total
-------------------------+-------+-------++-------
 Cast: Magic Dart        |    57 |    35 ||    92
       Searing Ray       |     8 |     7 ||    15
  Use: Scroll            |       |     7 ||     7
       Potion            |       |     7 ||     7
Armor: Robe              |       |     1 ||     1
Dodge: Dodged            |     3 |    10 ||    13
